 Dungeon Crawl Stone Soup version 0.18.1-8-gdd0e5ea (webtiles) character file.

402 l0ser140 the Skirmisher (level 6, -4/102 HPs)
             Began as an Ogre Hunter on May 31, 2016.
             Slain by a worker ant (8 damage)
             ... on level 4 of the Dungeon.
             The game lasted 00:06:06 (3149 turns).

l0ser140 the Skirmisher (Ogre Hunter)               Turns: 3149, Time: 00:06:07

Health: -4/102     AC:  3    Str: 23 (25) XL:     6   Next: 85%
Magic:  6/6        EV: 11    Int: 12 (15) God:
Gold:   130        SH:  0    Dex:  8 (10) Spells: 0 memorised, 5 levels left

rFire  . . .     SeeInvis .     a - +0 short sword
rCold  . . .     Gourm    .     b - +0 robe
rNeg   . . .     Faith    .     (no shield)
rPois  .         Spirit   .     (helmet restricted)
rElec  .         Dismiss  .     (no cloak)
rCorr  .         Reflect  .     (gloves unavailable)
SustAt .         Harm     .     (boots unavailable)
MR     .....                    (no amulet)
Stlth  ..........               (no ring)
                                (no ring)

@: brilliant, berserking, lethally poisoned (-4 -> -4), flying, very quick, not
resistant to hostile enchantments, extremely unstealthy
A: unfitting armour, tough skin 1
a: no special abilities


You were on level 4 of the Dungeon.
You were not hungry.

You visited 1 branch of the dungeon, and saw 4 of its levels.

You collected 130 gold pieces.

Inventory:

Hand Weapons
 a - a +0 short sword (weapon)
Missiles
 d - a throwing net (quivered)
Armour
 b - a +0 robe (worn)
Jewellery
 v - an uncursed ring of magical power {unknown}
   (You found it on level 3 of the Dungeon)
Scrolls
 e - a scroll of amnesia {unknown}
 h - a scroll of fear {unknown}
 i - 3 scrolls of identify {unknown}
 k - a scroll of fog {unknown}
 l - 3 scrolls of teleportation {unknown}
 m - a scroll of immolation {unknown}
 o - a scroll of remove curse {unknown}
 r - a scroll of blinking {unknown}
 s - a scroll of enchant armour {unknown}
 t - a scroll of random uselessness {unknown}
 x - a scroll of noise {unknown}
Potions
 j - 3 potions of degeneration {!q}
 p - a potion of agility
Comestibles
 f - 3 bread rations
 g - 3 beef jerkies


   Skills:
 + Level 6.5 Fighting
 - Level 4.0 Throwing
 + Level 4.8 Dodging
 - Level 0.7 Stealth


You had 5 spell levels left.
You didn't know any spells.

Dungeon Overview and Level Annotations

Branches:
Dungeon (4/15)
 Temple: D:4-7

Altars:
Fedhas
Makhleb

Annotations:
D:3 l0ser140's ghost, amateur OgHu


Innate Abilities, Weirdness & Mutations

You are too large for most types of armour.
You have tough skin (AC +1).


Message History

The throwing net barely misses the worker ant.
The worker ant bites you.
* * * LOW HITPOINT WARNING * * *
You are more poisoned.
The worker ant poisons you!
Huge Dmg: -3%(-2hp) hp: 11%(7hp) Drink which item? (? for menu, Esc to quit)
It was a potion of brilliance.
You feel clever all of a sudden.
You feel sick. The worker ant bites you.
* * * LOW HITPOINT WARNING * * *
Huge Dmg: -3%(-2hp) hp: 8%(5hp) Drink which item? (? for menu, Esc to quit)
It was a potion of flight.
You feel very buoyant.
You fly up into the air.
The worker ant misses you.
Drink which item? (? for menu, Esc to quit)
It was a potion of berserk rage.
A red film seems to cover your vision as you go berserk!
You feel yourself moving faster!
You feel mighty!
You feel sick. The worker ant closely misses you.
You hit the worker ant.
The worker ant is heavily wounded.
The worker ant bites you but does no damage.
You hit the worker ant.
The worker ant is almost dead.
You feel sick. The worker ant bites you.
* * * LOW HITPOINT WARNING * * *
Huge Dmg: -2%(-2hp) hp: 4%(4hp)
You closely miss the worker ant.
The worker ant is almost dead.
The worker ant closely misses you.
Unknown command.
You barely miss the worker ant.
The worker ant is almost dead.
The worker ant misses you.
Unknown command.
You closely miss the worker ant.
The worker ant is almost dead.
The worker ant bites you but does no damage.
Unknown command.
You closely miss the worker ant.
The worker ant is almost dead.
You feel sick.
Damage: -1%(-1hp) hp: 4%(4hp) Unknown command.
You closely miss the worker ant.
The worker ant is almost dead.
The worker ant bites you!
You die...

#...# .# #.# #...######..#
#.########...........#
#.##.................#
#.##.#####..##..####.#
#.##.# #..##(.# # #.##.#
#..##.<#
#.##.#####..##a.####.#
#.>..........ΞΆ.......#
##..........###.##.....
#####...................##
..........###..........##
...(......# #.####.###.#
####......###.####.# #
#..........<....#
##########.###### #.#


You could see a worker ant.

Vanquished Creatures
  Sigmund (D:3)
  A hound (D:2)
  Jessica (D:3)
  Natasha (thrice) (D:3)
  A worker ant (D:3)
  2 adders (D:3 D:4)
  An ooze (D:3)
  2 worms (D:2)
  3 dart slugs (D:2)
  A giant gecko (D:4)
  6 bats (D:1 D:2)
  3 giant cockroaches (D:1 D:2)
  3 hobgoblins (D:1 D:3)
  5 jackals (D:2)
  6 kobolds (D:1 D:2 D:3)
  A quokka (D:2)
  2 ball pythons (D:1 D:2)
  4 giant newts (D:1 D:2)
  10 goblins (D:1 D:2 D:3)
  5 rats (D:1 D:2 D:3)
61 creatures vanquished.

Notes
Turn   | Place    | Note
--------------------------------------------------------------
     0 | D:1      | l0ser140 the Ogre Hunter began the quest for the Orb.
     0 | D:1      | Reached XP level 1. HP: 22/22 MP: 1/1
   120 | D:1      | Reached skill level 2 in Dodging
   180 | D:1      | Huge Dmg: 5 Dmg
   183 | D:1      | Reached skill level 3 in Fighting
   193 | D:1      | Reached XP level 2. HP: 12/31 MP: 2/2
  1366 | D:2      | Reached XP level 3. HP: 37/37 MP: 3/3
  1608 | D:2      | Huge Dmg: 12 Dmg
  1612 | D:2      | Reached skill level 3 in Dodging
  1704 | D:2      | Huge Dmg: 10 Dmg
  1737 | D:2      | Huge Dmg: 4 Dmg
  2014 | D:2      | Reached XP level 4. HP: 46/48 MP: 4/4
  2081 | D:2      | Huge Dmg: 6 Dmg
  2082 | D:2      | Reached skill level 4 in Fighting
  2275 | D:2      | Found a burning altar of Makhleb.
  2343 | D:3      | Noticed Natasha
  2349 | D:3      | Huge Dmg: 10 Dmg
  2350 | D:3      | Killed Natasha
  2389 | D:3      | Reached XP level 5. HP: 34/55 MP: 5/5
  2575 | D:3      | Noticed Sigmund
  2584 | D:3      | Killed Sigmund
  2584 | D:3      | Reached skill level 5 in Fighting
  2584 | D:3      | Reached skill level 4 in Dodging
  2584 | D:3      | Reached XP level 6. HP: 67/67 MP: 6/6
  2628 | D:3      | Found a blossoming altar of Fedhas.
  2635 | D:3      | Reached skill level 6 in Fighting
  2691 | D:3      | Noticed l0ser140's ghost (amateur OgHu)
  2744 | D:3      | Noticed Jessica
  2747 | D:3      | Killed Jessica
  2768 | D:3      | Noticed Natasha
  2776 | D:3      | Killed Natasha
  2843 | D:3      | Noticed Natasha
  2855 | D:3      | Killed Natasha
  3048 | D:4      | Huge Dmg: 9 Dmg
  3124 | D:4      | Huge Dmg: 8 Dmg
  3138 | D:4      | Huge Dmg: 5 Dmg
  3140 | D:4      | Huge Dmg: 2 Dmg
  3141 | D:4      | Huge Dmg: 2 Dmg
  3144 | D:4      | HP: 5/102 [poisoned by a worker ant]
  3145 | D:4      | Huge Dmg: 2 Dmg
  3149 | D:4      | Slain by a worker ant

Skill      XL: |  1  2  3  4  5  6 |
---------------+-------------------+-----
Dodging        | 2 3 4 |  4.8
Fighting       | 3 4 5 6 |  6.5
Throwing       | |  4.0
Stealth        | |  0.7

Action                   |  1- 3 |  4- 6 || total
-------------------------+-------+-------++-------
Melee: Short sword       |   156 |    81 ||   237
Throw: Large rock        |     5 |    27 ||    32
       Throwing net      |     1 |     4 ||     5
  Use: Potion            |       |     4 ||     4
 Stab: Sleeping          |     1 |       ||     1
       Distracted        |       |     1 ||     1
  Eat: Chunk             |     4 |     3 ||     7
Armor: Robe              |    65 |    19 ||    84
Dodge: Dodged            |    92 |    70 ||   162

Vault maps used:
D:1:      mrwooster_arrival_statue, serial_forest,
          infiniplex_forest_clump_curved, infiniplex_forest_clump_double,
          infiniplex_forest_lined_room_, infiniplex_forest_clump_cross,
          infiniplex_forest_end_1, infiniplex_forest_corner_2,
          infiniplex_forest_lined_2
D:2:      makhleb_heckhound_becter
D:3:      lemuel_doored_altar, uniq_jessica, uniq_sigmund, uniq_natasha
D:4:      minitemple, uniq_robin
